 Dungeon Crawl Stone Soup version 0.32-a0-913-g739538afd8 (webtiles) character file.

Game seed: 12622827859754862216

1895 GnomeSayin the Ruffian (level 8, -7/80 HPs)
             Began as a Troll Monk on Apr 10, 2024.
             Was a Believer of Okawaru.
             Killed from afar by a steam dragon (18 damage)
             ... with a ball of steam
             ... on level 6 of the Dungeon.
             The game lasted 00:37:10 (5664 turns).

GnomeSayin the Ruffian (Troll Monk)                 Turns: 5664, Time: 00:37:11

Health: -7/80      AC:  6    Str: 22    XL:     8   Next: 93%
Magic:  9/9        EV:  9    Int:  6    God:    Okawaru [**....]
Gold:   232        SH:  0    Dex: 12    Spells: 7/7 levels left

rFire   . .          .
                       - Unarmed
rCold   . . .        c - orb {light}
rNeg    . . .        a - +0 robe
rPois   +            (helmet restricted)
rElec   .            B - +1 cloak {rPois}
rCorr   .            (gloves unavailable)
SInv    .            (boots unavailable)
Will    .....        (no amulet)
Stlth   +            (no ring)
HPRegen 1.13/turn    (no ring)
MPRegen 0.11/turn

%: no passive effects
@: about to teleport, glowing
A: large, unfitting armour, claws 3, regeneration 1, shaggy fur 1, tough skin 1
a: Renounce Religion, Heroism


You were on level 6 of the Dungeon.
You worshipped Okawaru.
Okawaru was pleased with you.
You visited 2 branches of the dungeon, and saw 7 of its levels.

You collected 232 gold pieces.

Inventory:

Hand Weapons
 g - a +0 sling
Missiles
 e - 4 large rocks (quivered)
 n - 14 poisoned darts
 p - 4 boomerangs
Armour
 a - a +0 robe (worn)
 c - an orb of light (worn)
 B - a +1 cloak of poison resistance (worn)
Talismans
 y - a flux talisman
Wands
 l - a wand of flame (48)
Scrolls
 f - a scroll of silence {unknown}
 h - 3 scrolls of blinking {unknown}
 j - a scroll of vulnerability {unknown}
 k - a scroll of immolation {unknown}
 m - a scroll of teleportation
 q - a scroll of brand weapon {unknown}
 r - a scroll of poison {unknown}
 s - a scroll of fear
 v - a scroll of enchant armour {unknown}
 x - a scroll of enchant weapon {unknown}
 z - a scroll of summoning {unknown}
Potions
 b - a potion of ambrosia
 d - 3 potions of heal wounds
 i - 3 potions of brilliance
 o - a potion of berserk rage {unknown}
 t - 2 potions of enlightenment {unknown}
 u - 3 potions of curing {unknown}
 w - a potion of magic {unknown}
 A - 2 potions of lignification {unknown}


   Skills:
 - Level 5.0 Fighting
 - Level 6.0 Throwing
 - Level 3.0 Dodging
 + Level 7.4 Unarmed Combat
 - Level 3.0 Invocations


You had 7 spell levels left.
You didn't know any spells.
Your spell library contained the following spells:

 Spells                   Type           Power      Damage    Failure   Level
 Volatile Blastmotes      Fire/Tloc      0%         2d10      83%         3
 Fulminant Prism          Conj/Alch      0%         3d5       99%         4
 Iskenderun's Mystic Bla Conj/Tloc 0%             2d3        (+2d1     99%         4


Dungeon Overview and Level Annotations

Branches:
Dungeon (6/15)             Temple (1/1) D:5

Altars:
Ashenzari
Cheibriados
Dithmenos
Elyvilon
Fedhas
Gozag
Hepliaklqana
Kikubaaqudgha
Makhleb
Nemelex Xobeh
Okawaru
Qazlal
Sif Muna
Trog
Uskayaw
Vehumet
Wu Jian
Yredelemnul
Zin
The Shining One

Shops:
D:2 (   D:6 *


Innate Abilities, Weirdness & Mutations

You are too large for most types of armour.
You have claws for hands.
Your natural rate of healing is unusually fast.
You are covered in fur. (AC +1)
You have tough skin. (AC +1)


Message History

Okawaru accepts your kill.
Things that are here:
a +0 orcbow; a centaur corpse You start resting.
HP restored.
A steam dragon comes into view.
Found a robe.
The steam dragon moves out of view.
The steam dragon breathes steam at you. The ball of steam hits you!!
You hear a shout! x3
A white imp comes into view.
You are engulfed in a cloud of scalding steam.
The white imp shouts, "Scamper away, thou clouted two-tin-hat clack-dish!"
Found a stone staircase leading down.
Found a cabochon ring.
The white imp gestures at you. The puff of frost hits you!
Found 6 gold pieces.
An orc comes into view.
It is wielding a +0 morningstar and wearing a +2 scale mail of willpower.
You barely miss the white imp.
An orc wizard comes into view. It is wielding a +0 dagger.
The white imp hits you but does no damage.
The steam dragon breathes steam at you. The ball of steam hits you!
The orc wizard moves out of view.
You scratch the white imp.
The white imp is moderately wounded.
You are engulfed in a cloud of scalding steam.
The white imp closely misses you.
As you read the scroll of teleportation, it crumbles to dust.
You feel strangely unstable.
You are engulfed in a cloud of scalding steam.
The white imp gestures at you. The puff of frost hits you!
* * * LOW HITPOINT WARNING * * *
The white imp gestures at you. The puff of frost hits you!
* * * LOW HITPOINT WARNING * * *
The steam dragon breathes steam at you. The ball of steam hits you!!
You die...

#########
#.......#######
#..............
#####.......#
........@...###########
..>...5.§..)..........##
.......§§.###########..#
.=.....§§.# ##.##
####.#...... #..#
#.o§D.§..# ##.#
###.o§...# #.. #..D...$
### #..o..### #


You could see an orc wizard and a white imp.

Vanquished Creatures
  Pikel (D:4)
  Sigmund (D:2)
  An ice beast (D:5)
  An ogre (D:5)
  A centaur (D:6)
  A phantom (D:5)
  4 lemures
  2 scorpions (D:5)
  A gnoll sergeant (D:5)
  A howler monkey (D:4)
  2 hounds
  A bombardier beetle (D:5)
  2 jellies
  2 orc priests (D:3)
  Ijyb (D:4)
  Crazy Yiuf (D:2)
  A gnoll bouda (D:6)
  5 iguanas
  3 orc wizards
  12 gnolls
  2 adders (D:3)
  A white imp (D:5)
  5 dart slugs
  2 ribbon worms
  25 orcs
  4 ball pythons
  4 bats
  5 endoplasms
  2 giant cockroaches
  9 goblins
  2 hobgoblins
  12 jackals
  4 quokkas
  2 frilled lizards (D:3)
  4 kobolds
  6 rats
133 creatures vanquished.

Notes
Turn   | Place    | Note
-------+----------+-------------------------------------------
     0 | D:1      | GnomeSayin the Troll Monk began the quest for the Orb.
     0 | D:1      | Reached XP level 1. HP: 22/22 MP: 0/0
   186 | D:1      | Reached XP level 2. HP: 29/29 MP: 1/1
   423 | D:1      | Reached XP level 3. HP: 36/36 MP: 2/2
   888 | D:2      | Found an ancient bone altar of Kikubaaqudgha.
  1008 | D:2      | Noticed Sigmund
  1459 | D:3      | Reached XP level 4. HP: 42/45 MP: 3/3
  1479 | D:3      | Reached skill level 4 in Unarmed Combat
  1547 | D:3      | Reached skill level 1 in Throwing
  1633 | D:3      | Found a glowing silver altar of Zin.
  1641 | D:3      | Reached XP level 5. HP: 50/53 MP: 4/4
  2283 | D:4      | Reached skill level 5 in Unarmed Combat
  2572 | D:4      | Found a blossoming altar of Fedhas.
  2586 | D:4      | Found a sparkling altar of Nemelex Xobeh.
  2586 | D:4      | Found an opulent altar of Gozag.
  2645 | D:4      | Noticed Ijyb
  2647 | D:4      | Noticed a lemure
  2648 | D:4      | Noticed a lemure
  2719 | D:4      | Noticed Pikel
  2719 | D:4      | Noticed a lemure
  2719 | D:4      | Noticed a lemure
  2860 | D:4      | Reached XP level 6. HP: 61/61 MP: 5/5
  2920 | D:5      | Entered Level 5 of the Dungeon
  2984 | D:5      | Found a bloodstained altar of Trog.
  3201 | D:5      | Reached skill level 6 in Unarmed Combat
  3209 | D:5      | Reached XP level 7. HP: 55/70 MP: 6/6
  3629 | D:5      | Found a staircase to the Ecumenical Temple.
  3658 | D:5      | Reached skill level 5 in Fighting
  3674 | D:5      | Reached XP level 8. HP: 80/80 MP: 7/7
  3683 | Temple   | Entered the Ecumenical Temple
  3694 | Temple   | Became a worshipper of Warmaster Okawaru
  3694 | Temple   | Reached * piety under Okawaru
  3694 | Temple   | Reached ** piety under Okawaru
  4350 | D:4      | Killed Pikel
  4351 | D:4      | Reached skill level 5 in Throwing
  4551 | D:4      | Killed Ijyb
  4592 | D:4      | Identified the +0 ring mail "Kynadydud" {rN+ Regen+ Int+5
                  | Slay-5}
  4958 | D:2      | Killed Sigmund
  5110 | D:2      | Found Maleoj's Weapon Shop.
  5243 | D:2      | Found a runed translucent door.
  5244 | D:2      | Noticed Crazy Yiuf
  5253 | D:2      | Killed Crazy Yiuf
  5436 | D:6      | Reached skill level 7 in Unarmed Combat
  5494 | D:6      | Found Naclig's Neck Hole.
  5552 | D:6      | Found an ancient bone altar of Kikubaaqudgha.
  5664 | D:6      | Killed from afar by a steam dragon

Illustrated notes

Levels and vault maps discovered:
D:1:      minmay_arrival_stone_box, layout_loops_ring
D:2:      layout_rooms, serial_shops, nicolae_shop_advertising_works
          [nicolae_subvault_shop_adworks], basic_altar,
          minmay_misc_feat_encased, minmay_misc_feat_alley,
          palyth_stone_intersect, chequers_avenue, uniq_crazy_yiuf_cottage,
          uniq_sigmund
D:3:      layout_basic, mainiacjoe_overflow_six_doors_small,
          kennysheep_generic_room_3
D:4:      layout_layer_cave, grunt_temple_overflow_opulence,
          lemuel_crystal_altar, uniq_ijyb, uniq_pikel
D:5:      layout_gridville, bloody_trog, minmay_temple_entry_statues_pillars
D:6:      layout_basic, mainiacjoe_overflow_catwalk, interstate_on_off,
          nicolae_shop_sticking_my_neck_out, uniq_grinder
Temple:   nicolae_temple_ecumenical_triangle

Skill      XL: |  1  2  3  4  5  6  7  8 |
---------------+-------------------------+-----
Fighting       | 3 4 5 |  5.0
Dodging        | 3 |  3.0
Unarmed Combat | 4 5 6 7 |  7.4
Throwing       | 2 4 6 |  6.0
Invocations    | 3 |  3.0

Action                     |  1- 3 |  4- 6 |  7- 9 || total
---------------------------+-------+-------+-------++-------
  Melee: Unarmed           |    83 |    86 |   120 ||   289
  Throw: Boomerang         |       |    11 |     2 ||    13
         Large rock        |       |       |    15 ||    15
    Use: Scroll            |       |     1 |     4 ||     5
 Armour: Robe              |    33 |    34 |    84 ||   151
  Dodge: Dodged            |    32 |    23 |    29 ||    84

Table legend: (Time is in decaauts)
 A = Elapsed time spent in this place.
 B = Non-inter-level travel time spent in this place.
 C = Inter-level travel time spent in this place.
 D = Time resting spent in this place.
 E = Time spent auto-exploring this place.
 F = Levels seen in this place.
 G = Mean time per level.
                   A        B        C        D        E       F      G
               +--------+--------+--------+--------+--------+-----+--------+
         Total |   5638 |   3337 |   2301 |    147 |   1672 |   7 |  805.4 |
       Dungeon |   5616 |   3315 |   2301 |    147 |   1672 |   6 |  936.0 |
        Temple |     22 |     22 |      0 |      0 |      0 |   1 |   22.0 |
               +--------+--------+--------+--------+--------+-----+--------+

Top non-repeatable levels by time:
     D:4: 1574 daAuts
     D:3: 1230 daAuts
     D:5: 1033 daAuts
     D:1: 827 daAuts
     D:2: 671 daAuts
     D:6: 279 daAuts
  Temple: 22 daAuts
